 Dungeon Crawl Stone Soup version 0.25-a0-566-g062765be81 (webtiles) character file.

Game seed: 10807314192483694863, levelgen mode: deterministic

352 kae the Sneak (level 6, -4/41 HPs)
             Began as a Vampire Enchanter on Feb 28, 2020.
             Slain by an ogre
             ... wielding a +0 giant spiked club
              (21 damage)
             ... on level 4 of the Dungeon.
             The game lasted 00:05:52 (3451 turns).

kae the Sneak (Vampire Enchanter)                   Turns: 3451, Time: 00:05:52

Health: -4/41      AC:  3    Str:  7    XL:     6   Next: 34%
Magic:  6/11       EV: 13    Int: 19    God:
Gold:   264        SH:  0    Dex: 18    Spells: 6/12 levels left

rFire    . . .     SeeInvis +   a - +2 dagger
rCold    . . .     Gourm    .   (no shield)
rNeg     . . .     Faith    .   b - +1 robe
rPois    .         Spirit   .   (no helmet)
rElec    .         Reflect  .   (no cloak)
rCorr    +         Harm     .   (no gloves)
MR       .....                  (no boots)
Stlth    ++++......             j - amulet of magic regeneration
HPRegen  0.33/turn              i - +3 ring of dexterity
MPRegen  0.37/turn              q - ring of resist corrosion

@: very slightly contaminated, regenerating quickly
A: no food, fangs 3, see invisible, unbreathing
a: Exsanguinate


You were on level 4 of the Dungeon.
You were alive.

You visited 1 branch of the dungeon, and saw 4 of its levels.

You collected 264 gold pieces.

Inventory:

Hand Weapons
 a - a +2 dagger (weapon)
Armour
 b - a +1 robe (worn)
Jewellery
 i - a +3 ring of dexterity (left hand)
 j - an amulet of magic regeneration (around neck)
 q - a ring of resist corrosion (right hand)
Scrolls
 e - a scroll of enchant weapon
 g - 2 scrolls of fog
 k - a scroll of enchant armour
 l - 4 scrolls of teleportation
 m - a scroll of magic mapping
 n - a scroll of identify
Potions
 c - a potion of haste
 d - a potion of curing
 f - a potion of lignification
 h - a potion of berserk rage
 o - 2 potions of flight
 p - a potion of degeneration {unknown}


   Skills:
 + Level 3.6 Short Blades
 - Level 2.1 Dodging
 + Level 6.8 Stealth
 + Level 3.5 Spellcasting
 + Level 6.4 Hexes


You had 6 spell levels left.
You knew the following spells:

 Your Spells              Type           Power        Failure   Level  Hunger
a - Corona                Hex            ####...      1%          1    N/A
b - Ensorcelled Hibernat  Hex/Ice        ###...       6%          2    N/A
c - Confusing Touch       Hex            ####....     3%          3    N/A

Your spell library contained the following spells:

 Spells                   Type           Power        Failure   Level  Hunger
 Tukima's Dance           Hex            ####....     3%          3    N/A
 Dazzling Flash           Conj/Hex       ###...       12%         3    N/A

Dungeon Overview and Level Annotations

Branches:
Dungeon (4/15)
 Temple: D:4-7

Altars:

Annotations:
D:4 exclusion: ogre


Innate Abilities, Weirdness & Mutations

You do not eat.
Your natural rate of healing is unusually fast.
You have razor-sharp teeth.
You have supernaturally acute eyesight. (SInv)
You can survive without breathing.


Message History

The ogre hits you with a +0 giant spiked club!!
Ouch! That really hurt!
You see here a scroll of enchant armour.
Casting: Ensorcelled Hibernation (safe; 6% risk of failure)
Confirm with . or Enter, or press ? or * to list all spells.
Aiming: Ensorcelled Hibernation (safe; 6% risk of failure)
Press: ? - help, Shift-Dir - straight line, f/p - ogre
Aim: an ogre, wielding a +0 giant spiked club (chance to defeat MR: 46%)
You miscast Ensorcelled Hibernation.
You are very lightly contaminated with residual magic.
Your skin glows momentarily.
Casting: Ensorcelled Hibernation (safe; 6% risk of failure)
Confirm with . or Enter, or press ? or * to list all spells.
Aiming: Ensorcelled Hibernation (safe; 6% risk of failure)
Press: ? - help, Shift-Dir - straight line, f/p - ogre
Aim: an ogre, wielding a +0 giant spiked club (chance to defeat MR: 46%)
The ogre resists with some effort.
The ogre hits you with a +0 giant spiked club!!
Ouch! That really hurt!
You die...

#.....#.###..# ##.## #.#........
#..##.##.....##########.#..#...##
#..##.##.#..>...........#.......#
.........#...############........
...##..#####.# #####.......#
#####....#...### #......#..>##
#.##.#.....# #.###......#
#.##.....#.######.###.###..#
#.#####....O@.........# #..#
###.#####.##.######.##### #..#
#.........##.# #.....# #..#
#..#########?####....<#####..#
###..# #.................# .....#
######.....######.# ####.#
#.....># #.# ####.# ######.# #.#
.....# #.# #.##


You could see an ogre.

Vanquished Creatures
  An orc priest (D:4)
  A bullfrog skeleton (D:4)
  3 orc wizards
  2 worker ants (D:4)
  3 adders
  4 gnolls
  3 worms (D:3)
  5 leopard geckos
  4 orcs
  6 ball pythons (D:2)
  2 giant cockroaches
  13 goblins
  5 hobgoblins
  6 jackals
  15 kobolds
  A quokka (D:3)
  8 bats
  3 frilled lizards
  6 rats
91 creatures vanquished.

Notes
Turn   | Place    | Note
-------+----------+-------------------------------------------
     0 | D:1      | kae the Vampire Enchanter began the quest for the Orb.
     0 | D:1      | Reached XP level 1. HP: 13/13 MP: 3/3
   136 | D:1      | Reached XP level 2. HP: 4/19 MP: 3/5
   184 | D:1      | Learned a level 2 spell: Ensorcelled Hibernation
   540 | D:1      | Reached skill level 5 in Stealth
   586 | D:1      | Reached XP level 3. HP: 17/24 MP: 3/6
   620 | D:1      | Learned a level 3 spell: Confusing Touch
   852 | D:1      | Reached skill level 5 in Hexes
  1230 | D:2      | You fall into a shaft and drop 2 floors!
  1231 | D:4      | Noticed an ogre
  1255 | D:3      | Reached XP level 4. HP: 30/30 MP: 7/7
  2155 | D:3      | Reached XP level 5. HP: 35/35 MP: 4/9
  2714 | D:4      | Reached XP level 6. HP: 28/41 MP: 4/11
  3451 | D:4      | Slain by an ogre

Levels and vault maps discovered:
D:1:      grunt_arrival_lava_bath, layout_basic
D:2:      layout_rooms, minmay_shallow_snake_nest
D:3:      layout_basic, minmay_three_crescents
D:4:      layout_loops_ring, first_ration

Skill      XL: |  1  2  3  4  5 |
---------------+----------------+-----
Stealth        | 5 6 |  6.8
Hexes          | 5 6 |  6.4
Short Blades   | 2 3 |  3.6
Spellcasting   | 3 |  3.5
Dodging        | |  2.1

Action                   |  1- 3 |  4- 6 || total
-------------------------+-------+-------++-------
Melee: Dagger            |   136 |   137 ||   273
       Bite              |     8 |     5 ||    13
 Cast: Corona            |     7 |       ||     7
       Ensorcelled Hiber |     4 |    51 ||    55
 Abil: Exsanguinate      |       |     1 ||     1
  Use: Scroll            |       |    11 ||    11
 Stab: Sleeping          |    10 |    27 ||    37
       Distracted        |       |     2 ||     2
Armor: Robe              |    19 |    32 ||    51
Dodge: Dodged            |    83 |   123 ||   206

Table legend:
 A = Non-vault XP
 B = Vault XP
 C = Vault XP percentage of total XP
 D = Non-vault monster count
 E = Vault monster count
 F = Vault count percentage of total count
                 A         B        C        D         E       F
            +---------+---------+-------+---------+---------+-------
      Total |     458 |      45 |   8.9 |      79 |      12 |  13.2
            +---------+---------+-------+---------+---------+-------
        D:1 |      65 |       0 |   0.0 |      29 |       0 |   0.0
        D:2 |      79 |      19 |  19.4 |      20 |       6 |  23.1
        D:3 |      84 |      26 |  23.6 |      22 |       6 |  21.4
        D:4 |     230 |       0 |   0.0 |       8 |       0 |   0.0
            +---------+---------+-------+---------+---------+-------
